 Dungeon Crawl Stone Soup version 0.29.1-2-gbd0b4ee654 (webtiles) character file.

Game seed: 1924203271529028531

14 llahlahkje the Ducker (level 2, -3/22 HPs)
             Began as a Merfolk Gladiator on Oct 27, 2022.
             Was an Initiate of Ru.
             Slain by a gnoll
             ... wielding a +0 halberd
              (10 damage)
             ... on level 2 of the Dungeon.
             The game lasted 00:03:37 (654 turns).

llahlahkje the Ducker (Merfolk Gladiator)            Turns: 654, Time: 00:03:38

Health: -3/22      AC:  4    Str: 14    XL:     2   Next: 41%
Magic:  2/2        EV: 13    Int:  7    God:    Ru [......]
Gold:   65         SH:  0    Dex: 15    Spells: 1/1 levels left

rFire   . . .      SeeInvis .   a - +0 trident
rCold   . . .      Faith    .   (no shield)
rNeg    . . .      Spirit   .   b - +0 leather armour
rPois   .          Reflect  .   c - +0 helmet
rElec   .          Harm     .   (no cloak)
rCorr   .          Rampage  .   (no gloves)
Will    .....                   (no boots)
Stlth   +.........              (no amulet)
HPRegen 0.07/turn               (no ring)
MPRegen 0.08/turn               (no ring)

@: no status effects
A: (nimble swimmer 2), mertail
a: Renounce Religion, Sacrifice Nimbleness, Sacrifice an Eye, Sacrifice Arcana,
Reject Sacrifices


You were on level 2 of the Dungeon.
You worshipped Ru.
Ru was noncommittal.
You visited 1 branch of the dungeon, and saw 2 of its levels.

You collected 65 gold pieces.

Inventory:

Hand Weapons
 a - a +0 trident (weapon)
 g - a +2 vorpal hand axe
Missiles
 d - 3 throwing nets (quivered)
 e - a javelin
 j - 2 poisoned darts
Armour
 b - a +0 leather armour (worn)
 c - a +0 helmet (worn)
Magical Staves
 i - a staff of cold
Scrolls
 f - a scroll of amnesia
 l - a scroll of immolation {unknown}
Potions
 h - a potion of mutation {unknown}
 k - 2 potions of heal wounds


   Skills:
 + Level 2.1 Fighting
 * Level 4.3 Polearms
 - Level 2.0 Throwing
 * Level 4.7 Dodging


You had one spell level left.
You didn't know any spells.
Your spell library was empty.

Dungeon Overview and Level Annotations

Branches:
Dungeon (2/15)

Altars:
Ru


Innate Abilities, Weirdness & Mutations

((You are very nimble when in or above water. (Stealth+, EV+, Speed+++)))
Your lower body shifts to a powerful aquatic tail in water.


Message History

The goblin shouts!
The goblin hits you with a +0 club. The goblin hits you but does no damage.
You closely miss the goblin. The goblin hits you but does no damage.
You hit the goblin.
You kill the goblin!
Things that are here:
a +0 club; a goblin corpse
Found a stone staircase leading down.
There is a stone staircase leading down here.
There is a stone staircase leading down here.
You climb downwards.
There is a stone staircase leading up here.
You open the door. 2 gnolls and a bat come into view.
The gnoll shouts!
A gnoll comes into view. It is wielding a +0 halberd.
A gnoll comes into view. It is wielding a +0 club.
A goblin comes into view. It is wielding a +0 dagger.
Found a hand axe.
Found a stone staircase leading up.
The bat misses you.
The goblin shouts!
The gnoll shouts!
You puncture the bat!
You kill the bat!
There is a stone staircase leading up here.
A dart slug comes into view.
The gnoll closely misses you.
The gnoll hits you from afar with a +0 spear.
There is an open door here.
You puncture the gnoll!
The gnoll is almost dead.
The gnoll hits you from afar with a +0 halberd.
The goblin misses you. The gnoll hits you but does no damage.
The gnoll hits you from afar with a +0 spear.
The gnoll closely misses you.
You hit the gnoll.
You kill the gnoll!
The gnoll hits you with a +0 club. The goblin closely misses you.
The gnoll hits you from afar with a +0 halberd!
You die...

### ... #.# #.#
#.# #<# #@#
.....gg)g.....#
......g..w....#
....<......####
.........).#
...........#
..########## ..


You could see 3 gnolls, a dart slug and a goblin.

Vanquished Creatures
  A gnoll (D:2)
  A dart slug (D:1)
  2 bats
  3 goblins (D:1)
  A ball python (D:1)
  2 frilled lizards (D:1)
  4 rats (D:1)
14 creatures vanquished.

Vanquished Creatures (others)
  A plant (D:1)
1 creature vanquished.

Grand Total: 15 creatures vanquished

Notes
Turn   | Place    | Note
-------+----------+-------------------------------------------
     0 | D:1      | llahlahkje the Merfolk Gladiator began the quest for the
                  | Orb.
     0 | D:1      | Reached XP level 1. HP: 16/16 MP: 1/1
    62 | D:1      | Found a faded altar of an unknown god.
    67 | D:1      | Prayed at the altar of an unknown god.
    67 | D:1      | Became a worshipper of Ru the Awakened
   337 | D:1      | Reached XP level 2. HP: 22/22 MP: 2/2
   654 | D:2      | Slain by a gnoll

Illustrated notes

Levels and vault maps discovered:
D:1:      dpeg_arrival_orchard, layout_loops_corners,
          chequers_ecumenical_altar_lobes
D:2:      layout_basic

Action                   || total
-------------------------++-------
Melee: Trident           ||    33
  Use: Scroll            ||     2
Armor: Leather armour    ||    12
Dodge: Dodged            ||    20
